Description

Zergling All In

VOD

https://www.youtube.com/watch?v=EFGJKS69qz0

Replay - 15Hatch_14Gas_14Pool_ZvZ_Sieget01_v.02

Build Order

Get SALT Encoding   

  12  0:01  Drone  
  13  0:08  Drone  
  14  0:15  Extractor  Extractor TRICK
  14  0:16  Drone  
  15  0:37  Hatchery  
  14  0:40  Extractor  
  13  0:43  Drone  
  14  0:59  Spawning Pool  
  14  1:03  Drone  
  14  1:13  Overlord  
  14  1:45  Metabolic Boost  
  14  1:46  Queen  
  17  1:47  Zergling x6  
  17  1:53  Zergling x4  
  20  2:01  Zergling x2  
  22  2:09  Zergling x4  
  24  2:19  Overlord  
  24  2:23  Zergling x2  
  24  2:39  Zergling x2  
  36  3:25  Overlord x2  
Spawning Tool Build Advisor. Get it on Overwolf

Analysis

Zergling All In

Go to:

Details

  • Created by: Sieget04
  • Published on: Aug 31, 2018
  • Modified on: Aug 31, 2018
  • Patch: 4.0.0
Show
View Real Time Build Order
Export as new Build Order

Comments (0)

There are no comments. Be the first!

Create an account to comment!